Map: Orbital Depot

Players

Loken - Winner!

  • Race: Zerg Zerg
  • League: Platinum
  • Spawn Location: 7:00

dallaskuken - Winner!

  • Race: Protoss Protoss
  • League: Platinum
  • Spawn Location: 9:00

Myran - Winner!

  • Race: Protoss Protoss
  • Spawn Location: 9:00

KraozDanasty

  • Race: Protoss Protoss
  • League: Gold
  • Spawn Location: 3:00

Selvin

  • Race: Protoss Protoss
  • Spawn Location: 3:00

THCnero

  • Race: Zerg Zerg
  • League: Platinum
  • Spawn Location: 1:00

VOD

Have the link to the VOD?

Description

Time

  • Played on: March 14, 2017, 7:47 p.m.
  • Length: 8:55
Show
View Real Time Build Order
Export as new Build Order

Loken Zerg - Winner!

Build Orders: Hatch First 

Get SALT Encoding   

  12  0:02  Drone  
  13  0:12  Drone  
  14  0:15  Overlord  
  14  0:52  Drone x3  
  14  0:53  Hatchery  
  16  0:59  Extractor  
  16  1:03  Spawning Pool  
  14  1:05  Drone  
  14  1:10  Extractor  
  14  1:21  Drone  
  15  1:26  Drone  
  16  1:37  Drone  
  17  1:46  Drone  
  18  1:50  Lair  
  18  1:57  Drone  
  19  2:05  Queen  
  19  2:06  Drone  
  22  2:17  Overlord  
  22  2:21  Drone  
  23  2:33  Drone  
  23  2:34  Drone x2  
  26  2:48  Extractor  
  26  2:49  Drone  
  26  2:51  Drone  
  27  2:52  Drone x2, Extractor  
  28  3:05  Spire  
  27  3:19  Drone x7  
  34  3:26  Queen  
  34  3:33  Overlord  
  36  3:36  Overlord x2  
  36  3:48  Spore Crawler  
  36  3:51  Spine Crawler  
  36  3:54  Drone  
  36  3:55  Spine Crawler, Drone x3  
  37  4:02  Queen  
  39  4:18  Mutalisk  
  39  4:19  Mutalisk x2  
  45  4:25  Mutalisk x3  
  51  4:37  Mutalisk x3  
  57  5:06  Mutalisk  
  59  5:09  Overlord  
  59  5:10  Overlord x4  
  59  5:35  Mutalisk  
  59  5:36  Mutalisk x5  
  71  6:07  Overlord x5  
  65  6:58  Mutalisk x8  
  81  8:20  Mutalisk x5  
  81  8:21  Mutalisk x3  
  81  8:24  Zergling x20  
Show
View Real Time Build Order
Export as new Build Order

dallaskuken Protoss - Winner!

Build Orders:  

Get SALT Encoding   

  12  0:01  Probe (Chrono Boost)  
  13  0:11  Probe (Chrono Boost)  
  14  0:22  Pylon  
  14  0:24  Probe (Chrono Boost)  
  15  0:41  Probe (Chrono Boost)  
  16  0:51  Probe (Chrono Boost)  
  16  0:54  Gateway  
  16  0:56  Assimilator  
  17  1:02  Probe (Chrono Boost)  
  18  1:12  Probe (Chrono Boost)  
  19  1:23  Probe (Chrono Boost)  
  20  1:33  Probe (Chrono Boost)  
  21  1:42  Cybernetics Core, Pylon  
  21  1:44  Probe (Chrono Boost)  
  22  1:54  Probe (Chrono Boost)  
  22  2:00  Zealot  
  25  2:03  Pylon  
  25  2:04  Warp Gate  
  25  2:05  Probe (Chrono Boost)  
  27  2:16  Probe (Chrono Boost)  
  27  2:18  Gateway  
  27  2:20  Gateway  
  27  2:23  Gateway  
  27  2:27  Assimilator  
  27  2:43  Probe (Chrono Boost)  
  28  2:55  Probe (Chrono Boost)  
  28  2:56  Pylon  
  28  2:58  Pylon  
  29  3:00  Pylon  
  27  3:47  Pylon  
  27  3:49  Pylon  
  27  4:11  Stalker x3  
  27  4:12  Stalker  
  35  4:38  Nexus  
  33  4:40  Pylon  
  33  4:41  Zealot x4  
  33  4:42  Pylon  
  27  5:04  Gateway  
  27  5:08  Forge  
  27  5:09  Stalker  
  27  5:10  Stalker x2  
  33  5:35  Pylon  
  33  5:40  Probe (Chrono Boost)  
  28  5:52  Probe (Chrono Boost)  
  28  5:54  Pylon  
  29  5:57  Photon Cannon  
  29  6:02  Probe (Chrono Boost)  
  31  6:04  Probe (Chrono Boost)  
  31  6:13  Probe (Chrono Boost)  
  31  6:14  Zealot  
  31  6:15  Zealot  
  31  6:16  Probe (Chrono Boost)  
  37  6:23  Probe (Chrono Boost)  
  38  6:28  Probe (Chrono Boost)  
  32  6:40  Probe (Chrono Boost)  
  31  6:53  Probe (Chrono Boost)  
  30  6:57  Nexus  
  30  7:01  Pylon  
  30  7:04  Zealot x2  
  30  7:05  Zealot, Probe (Chrono Boost)  
  38  7:17  Probe (Chrono Boost)  
  32  7:29  Photon Cannon, Probe (Chrono Boost)  
  33  7:30  Photon Cannon  
  33  8:02  Gateway  
  33  8:07  Pylon  
  33  8:13  Pylon  
  33  8:18  Photon Cannon  
  33  8:22  Probe (Chrono Boost)  
  34  8:33  Probe (Chrono Boost)  
  35  8:36  Pylon  
  35  8:43  Probe (Chrono Boost)  
  35  8:46  Gateway  
Show
View Real Time Build Order
Export as new Build Order

Myran Protoss - Winner!

Build Orders: Cannon Rush 

Get SALT Encoding   

  12  0:01  Probe (Chrono Boost)  
  13  0:17  Probe (Chrono Boost)  
  14  0:25  Pylon  
  14  0:27  Probe (Chrono Boost)  
  15  0:48  Forge  
  15  0:53  Pylon  
  15  1:02  Probe (Chrono Boost)  
  16  1:25  Photon Cannon  
  16  1:26  Photon Cannon  
  16  1:30  Pylon  
  16  1:31  Probe (Chrono Boost)  
  17  1:39  Photon Cannon  
  17  1:41  Probe (Chrono Boost)  
  18  1:55  Photon Cannon  
  18  2:06  Pylon  
  18  2:09  Probe (Chrono Boost)  
  19  2:17  Gateway  
  19  2:19  Probe (Chrono Boost)  
  20  2:30  Photon Cannon  
  20  2:35  Photon Cannon  
  20  2:43  Photon Cannon  
  20  3:00  Pylon  
  20  3:10  Photon Cannon  
  19  3:21  Probe (Chrono Boost)  
  19  3:22  Zealot  
  22  3:31  Probe (Chrono Boost)  
  23  3:35  Assimilator  
  23  3:44  Probe (Chrono Boost)  
  24  4:00  Probe (Chrono Boost)  
  25  4:09  Cybernetics Core  
  25  4:13  Probe (Chrono Boost)  
  25  4:17  Assimilator  
  26  4:25  Nexus  
  26  4:28  Pylon  
  26  4:49  Pylon  
  26  4:52  Pylon  
  26  4:54  Probe (Chrono Boost)  
  26  4:55  Stalker, Pylon  
  29  5:05  Photon Cannon  
  29  5:06  Photon Cannon  
  29  5:15  Photon Cannon  
  29  5:28  Assimilator  
  29  5:32  Assimilator  
  29  5:37  Probe (Chrono Boost)  
  30  5:43  Zealot  
  30  5:47  Probe (Chrono Boost)  
  30  5:49  Photon Cannon  
  33  5:56  Pylon  
  33  5:58  Probe (Chrono Boost)  
  34  6:08  Probe (Chrono Boost)  
  35  6:19  Probe (Chrono Boost)  
  36  6:30  Probe (Chrono Boost)  
  37  6:40  Probe (Chrono Boost)  
  37  6:41  Stargate x2  
  37  6:45  Protoss Air Weapons Level 1  
  38  6:51  Probe (Chrono Boost)  
  40  7:01  Probe (Chrono Boost)  
  40  7:12  Probe (Chrono Boost)  
  41  7:22  Probe (Chrono Boost)  
  42  7:23  Cybernetics Core  
  42  7:27  Void Ray x2  
  42  7:29  Pylon  
  50  7:33  Probe (Chrono Boost)  
  51  7:43  Probe (Chrono Boost)  
  51  7:47  Pylon  
  51  7:55  Probe (Chrono Boost)  
  48  8:04  Void Ray x2  
  44  8:07  Probe (Chrono Boost)  
  51  8:13  Photon Cannon  
  51  8:16  Photon Cannon  
  51  8:19  Probe (Chrono Boost)  
  52  8:31  Probe (Chrono Boost)  
  53  8:43  Probe (Chrono Boost)  
Show
View Real Time Build Order
Export as new Build Order

KraozDanasty Protoss 

Build Orders:  

Get SALT Encoding   

  12  0:01  Probe (Chrono Boost)  
  13  0:12  Probe (Chrono Boost)  
  14  0:20  Pylon  
  14  0:22  Probe (Chrono Boost)  
  15  0:38  Probe (Chrono Boost)  
  15  0:40  Gateway  
  16  0:48  Probe (Chrono Boost)  
  17  0:56  Assimilator  
  17  0:59  Probe (Chrono Boost)  
  18  1:09  Probe (Chrono Boost)  
  19  1:20  Probe (Chrono Boost)  
  20  1:30  Cybernetics Core  
  20  1:32  Assimilator  
  20  1:38  Pylon, Probe (Chrono Boost)  
  18  2:07  Forge  
  18  2:09  Mothership Core (Chrono Boost)  
  20  2:23  Stalker  
  22  2:36  Pylon  
  22  3:12  Probe (Chrono Boost)  
  23  3:22  Probe (Chrono Boost)  
  24  3:49  Pylon  
  24  3:52  Robotics Facility  
  24  3:56  Warp Gate  
  24  3:58  Pylon  
  24  4:02  Probe (Chrono Boost)  
  25  4:10  Photon Cannon  
  25  4:14  Probe (Chrono Boost)  
  26  4:29  Probe (Chrono Boost)  
  27  4:36  Immortal  
  25  4:41  Probe (Chrono Boost)  
  30  4:49  Gateway  
  30  4:51  Gateway  
  30  5:04  Stalker  
  30  5:05  Nexus  
  32  5:07  Pylon  
  32  5:13  Immortal  
  32  5:18  Photon Cannon  
  37  5:35  Probe (Chrono Boost)  
  37  5:47  Probe (Chrono Boost)  
  38  5:59  Stalker x3  
  38  6:00  Probe (Chrono Boost)  
  45  6:10  Warp Prism  
  49  6:13  Mothership Core (Chrono Boost)  
  43  6:47  Stalker x2  
  43  6:48  Stalker  
  43  6:52  Probe (Chrono Boost)  
  43  6:53  Probe (Chrono Boost)  
  47  6:58  Gateway  
  47  7:00  Gateway  
  47  7:03  Probe (Chrono Boost)  
  47  7:05  Probe (Chrono Boost)  
  49  7:12  Stalker  
  49  7:13  Probe (Chrono Boost)  
  49  7:14  Stalker  
  54  7:18  Probe (Chrono Boost)  
  55  7:34  Adept  
  57  7:47  Adept  
  59  7:55  Probe (Chrono Boost)  
  59  7:57  Probe (Chrono Boost)  
  47  8:14  Stalker x3  
Show
View Real Time Build Order
Export as new Build Order

Selvin Protoss 

Build Orders:  

Get SALT Encoding   

  12  0:01  Probe (Chrono Boost)  
  13  0:12  Probe (Chrono Boost)  
  14  0:20  Pylon  
  14  0:22  Probe (Chrono Boost)  
  15  0:29  Assimilator  
  15  0:41  Gateway  
  15  0:44  Probe (Chrono Boost)  
  16  0:54  Assimilator  
  16  0:55  Probe (Chrono Boost)  
  17  1:05  Probe (Chrono Boost)  
  18  1:16  Probe (Chrono Boost)  
  19  1:18  Forge  
  19  1:26  Probe (Chrono Boost)  
  20  1:37  Cybernetics Core, Probe (Chrono Boost)  
  21  1:50  Pylon  
  23  1:54  Zealot  
  23  2:16  Photon Cannon  
  23  2:23  Photon Cannon  
  21  2:36  Photon Cannon  
  21  2:45  Photon Cannon  
  21  3:24  Photon Cannon  
  21  3:30  Stargate  
  21  3:33  Stargate  
  21  3:37  Photon Cannon  
  21  3:53  Photon Cannon  
  18  4:11  Void Ray  
  18  4:15  Photon Cannon, Void Ray  
  26  4:45  Assimilator  
  25  5:39  Void Ray  
  29  6:15  Pylon  
  29  6:22  Pylon  
  29  6:33  Void Ray  
  33  6:49  Void Ray  
  29  7:12  Probe (Chrono Boost)  
  29  7:15  Nexus  
  30  7:16  Void Ray  
  30  7:17  Pylon  
  30  7:20  Pylon  
  35  7:24  Assimilator, Probe (Chrono Boost)  
  35  7:44  Void Ray  
  39  8:12  Void Ray  
Show
View Real Time Build Order
Export as new Build Order

THCnero Zerg 

Build Orders: Pool First 

Get SALT Encoding   

  12  0:01  Drone  
  13  0:11  Overlord  
  13  0:17  Drone  
  14  0:27  Spawning Pool  
  13  0:31  Drone  
  13  0:33  Drone  
  15  0:36  Drone  
  15  0:41  Extractor  
  15  0:47  Overlord  
  15  0:55  Overlord  
  15  1:14  Queen  
  15  1:15  Zergling x2  
  18  1:25  Hatchery  
  17  1:41  Metabolic Boost  
  17  1:49  Queen  
  19  1:55  Zergling x6  
  22  2:08  Zergling x2  
  23  2:33  Zergling x2  
  23  2:34  Zergling x6  
  27  2:40  Overlord  
  27  2:50  Lair  
  27  2:55  Baneling Nest  
  26  3:00  Zergling x4  
  26  3:01  Zergling x8  
  29  3:19  Zergling x2  
  27  3:20  Zergling x2  
  24  3:37  Zergling x6  
  24  3:38  Zergling x10  
  30  4:11  Zergling x2  
  30  4:12  Zergling x20  
  34  5:02  Zergling x2  
  34  5:03  Zergling x18  
  44  5:30  Overlord x4  
  44  5:31  Overlord  
  40  5:56  Hydralisk Den  
  39  6:18  Zergling x20  
  37  6:54  Zergling x18  
  36  7:59  Hatchery  
Tags
 
Add a new tag
Caveats
  • Supply blocks, unpowered buildings, or Contaminate may cause inaccurate times.
  • Supply counts are checked every 10 seconds.